 Dungeon Crawl Stone Soup version 0.30-a0-691-g754fce4c43 (webtiles) character file.

Game seed: 896835037047884675

149758 freelancePsychic the Severer (level 16, -1/149 HPs)
             Began as a Minotaur Delver on Jan 20, 2023.
             Was a Follower of Uskayaw.
             Killed from afar by a will-o-the-wisp (34 damage)
             ... with a foxfire
             ... on level 4 of the Swamp.
             The game lasted 00:41:46 (28897 turns).

freelancePsychic the Severer (Minotaur Delver)     Turns: 28897, Time: 00:41:46

Health: -1/149     AC: 24    Str: 24    XL:     16   Next: 97%
Magic:  26/26      EV: 23    Int:  9    God:    Uskayaw [*.....]
Gold:   2278       SH: 17    Dex: 22    Spells: 15/15 levels left

rFire   . . .      SeeInvis .    b - +5 broad axe (heavy)
rCold   + + .      Faith    +    P - +2 kite shield {rC+}
rNeg    . . .      Spirit   .    c - +0 swamp dragon scales
rPois   +          Reflect  .    (helmet restricted)
rElec   +          Harm     .    a - +1 cloak
rCorr   +          Rampage  .    E - +1 pair of gloves {Stlth+}
Will    +....      Clarity  +    M - +2 pair of boots {Fly}
Stlth   +++                      f - amulet of faith
HPRegen 0.44/turn                J - ring of Megalomania {rElec Int+3 Dex+6 Slay+3}
MPRegen 0.20/turn                k - ring of Zaleu {rCorr AC+4}

@: flying, studying 2 skills
A: horns 2, retaliatory headbutt, clarity, cold resistance 1, strong 1
a: Renounce Religion, Stomp


You were on level 4 of the Swamp.
You worshipped Uskayaw.
Uskayaw was pleased with you.
You visited 5 branches of the dungeon, and saw 27 of its levels.
You also visited: Bailey and Ice Cave.

You collected 3164 gold pieces.
You spent 886 gold pieces at shops.

Inventory:

Hand Weapons
 b - a +5 heavy broad axe (weapon)
Armour
 a - a +1 cloak (worn)
 c - +0 swamp dragon scales (worn)
 E - a +1 pair of gloves of stealth (worn)
 G - +4 fire dragon scales
 M - a +2 pair of boots of flying (worn)
 P - a +2 kite shield of cold resistance (worn)
Jewellery
 f - an amulet of faith (around neck)
 k - the ring of Zaleu (right hand) {rCorr AC+4}
   (You found it on level 1 of the Swamp)

   [ring of protection]

   AC:        It affects your AC (+4).
   rCorr:     It protects you from acid and corrosion.
 v - a ring of magical power
 J - the ring of Megalomania (left hand) {rElec Int+3 Dex+6 Slay+3}
   (You found it on level 7 of the Dungeon)

   [ring of dexterity]

   Int:       It affects your intelligence (+3).
   Dex:       It affects your dexterity (+6).
   Slay:      It affects your accuracy & damage with ranged weapons and melee
   (+3).
   rElec:     It insulates you from electricity.
 Q - a ring of ice
 U - a ring of protection from cold
 V - an amulet of guardian spirit
 X - a ring of resist corrosion
Wands
 g - a wand of digging (1)
 i - a wand of polymorph (15)
 m - a wand of iceblast (26)
 t - a wand of mindburst (9)
 u - a wand of flame (38)
 B - a wand of light (11)
 W - a wand of paralysis (14)
Scrolls
 h - 5 scrolls of vulnerability
 o - 2 scrolls of noise
 w - 4 scrolls of immolation
 y - a scroll of enchant armour
 C - 2 scrolls of fear
 F - 4 scrolls of magic mapping
 H - 9 scrolls of teleportation {@r4}
 L - 3 scrolls of poison
 R - a scroll of blinking
 S - 12 scrolls of identify {@r1}
 T - 5 scrolls of amnesia
Potions
 d - 6 potions of degeneration
 e - 4 potions of ambrosia
 j - 3 potions of flight
 l - 3 potions of lignification
 n - 2 potions of invisibility
 p - 4 potions of berserk rage
 q - 6 potions of mutation
 r - 3 potions of attraction
 s - 2 potions of haste {@q3}
 x - 7 potions of curing {@q1}
 z - 2 potions of brilliance
 A - 8 potions of heal wounds {@q2}
 D - 2 potions of magic
 I - 2 potions of resistance
 N - a potion of cancellation
Miscellaneous
 K - a lightning rod (4/4)
 O - a condenser vane


   Skills:
 - Level 15.0 Fighting
 - Level 18.4(18.5) Axes
 - Level 2.4(12.3) Polearms
 - Level 14.1 Armour
 + Level 16.5 Dodging
 - Level 4.1 Stealth
 + Level 14.2 Shields
 - Level 15.0 Invocations


You had 15 spell levels left.
You didn't know any spells.
Your spell library contained the following spells:

 Spells                   Type           Power      Damage    Failure   Level
 Apportation              Tloc           0%         N/A       71%         1
 Magic Dart               Conj           0%         1d3       71%         1
 Shock                    Conj/Air       0%         1d3       71%         1
 Sting                    Tmut/Pois      0%         1d3       71%         1
 Summon Small Mammal      Summ           0%         N/A       71%         1
 Poisonous Vapours        Pois/Air       0%         N/A       83%         2
 Scorch                   Fire           0%         2d5       83%         2
 Searing Ray              Conj           0%         2d4       83%         2
 Static Discharge         Conj/Air       0%         2-2/arc   83%         2
 Call Canine Familiar     Summ           0%         N/A       97%         3
 Dazzling Flash           Conj/Hex       0%         N/A       97%         3
 Gell's Gravitas          Tloc           0%         N/A       97%         3
 Ignite Poison            Fire/Tmut/Pois 0%         N/A       97%         3
 Inner Flame              Hex/Fire       0%         N/A       97%         3
 Kindle Blastsparks       Fire/Tloc/Air  0%         2d10      97%         3
 Ozocubu's Armour         Ice            0%         N/A       97%         3
 Summon Guardian Golem    Hex/Summ       0%         N/A       97%         3
 Swiftness                Air            0%         N/A       97%         3
 Teleport Other           Tloc           0%         N/A       97%         3
 Vhi's Electric Charge    Tloc/Air       0%         N/A       97%         3
 Airstrike                Air            0%         2d(0-16)  100%        4
 Fulminant Prism          Conj/Hex       0%         3d5       100%        4
 Iskenderun's Mystic Bla  Conj/Tloc      0%         2d3       100%        4
 Olgreb's Toxic Radiance  Pois           0%         N/A       100%        4
 Petrify                  Tmut/Erth      0%         N/A       100%        4
 Summon Lightning Spire   Summ/Air       0%         N/A       100%        4
 Alistair's Intoxication  Tmut/Pois      0%         N/A       100%        5
 Arcjolt                  Conj/Air       0%         1d10      100%        5
 Lee's Rapid Deconstruct  Erth           0%         3d4*      100%        5
 Lightning Bolt           Conj/Air       0%         1d11      100%        5
 Metabolic Englaciation   Hex/Ice        0%         N/A       100%        5
 Dispersal                Tloc           0%         N/A       100%        6
 Eringya's Noxious Bog    Tmut/Pois      0%         N/A       100%        6
 Simulacrum               Ice/Necr       0%         N/A       100%        6
 Starburst                Conj/Fire      0%         6d3       100%        6
 Summon Cactus Giant      Summ           0%         N/A       100%        6
 Malign Gateway           Summ/Tloc      0%         N/A       100%        7
 Fire Storm               Conj/Fire      0%         5d1       100%        9


Dungeon Overview and Level Annotations

Branches:
Dungeon (15/15)            Temple (1/1) D:6            Lair (5/5) D:10
  Swamp (4/4) Lair:3       Spider (0/4) Lair:2        Slime (0/5) Lair:5
    Orc (2/2) D:11            Elf (0/3) Orc:2        Vaults (0/5) D:13
 Depths (0/4) D:15         Bailey (visited)           IceCv (visited)

Altars:
Ashenzari
Cheibriados
Dithmenos
Elyvilon
Fedhas
Gozag
Hepliaklqana
Kikubaaqudgha
Makhleb
Nemelex Xobeh
Okawaru
Qazlal
Ru
Sif Muna
Trog
Uskayaw
Vehumet
Wu Jian
Xom
Yredelemnul
Zin
The Shining One
Jiyva

Shops:
D:3 =   D:5 (   D:7 =   Orc:1 ?   Orc:2 [[=?

Annotations:
D:4 1 transporter, sirJeffrey23's ghost, amateur BaGl
D:7 2 runed translucent doors
Swamp:4 1 runed translucent door


Innate Abilities, Weirdness & Mutations

You have a pair of horns on your head.
You reflexively headbutt those who attack you in melee.
You possess an exceptional clarity of mind.
Your flesh is cold resistant. (rC+)
Your muscles are strong. (Str +4, Int/Dex -1)


Message History

You block the spriggan's attack.
You miss the spriggan.
The spriggan is severely wounded.
The spriggan misses you. You furiously retaliate!
You headbutt the spriggan!
You kill the spriggan!
Magic restored.
A will-o-the-wisp comes into view.
A will-o-the-wisp is nearby!
Okay, then.
Unknown command.
The will-o-the-wisp gives a chilling moan.
The will-o-the-wisp gestures.
The will-o-the-wisp conjures some foxfire! 2 foxfires come into view.
The will-o-the-wisp gestures.
The will-o-the-wisp conjures some foxfire! 2 foxfires come into view.
The foxfire hits you! x2; The foxfire hits you.
The foxfire hits you but does no damage.
The will-o-the-wisp gestures.
The will-o-the-wisp conjures some foxfire! 2 foxfires come into view.
The foxfire hits you but does no damage.
The foxfire hits you!!
The will-o-the-wisp gestures.
The will-o-the-wisp conjures some foxfire! 2 foxfires come into view.
The foxfire hits you.
* * * LOW HITPOINT WARNING * * *
The foxfire hits you but does no damage.
The will-o-the-wisp gestures.
The will-o-the-wisp conjures some foxfire! 2 foxfires come into view.
You see here a potion of cancellation.
You closely miss the will-o-the-wisp. You headbutt the will-o-the-wisp.
The will-o-the-wisp is lightly damaged.
The foxfire hits you!
* * * LOW HITPOINT WARNING * * *
The foxfire hits you!!
You die...

~♣~♣♣♣.~~..<♣
~...♣.<§).♣
..~^.....♣♣♣♣
~~..♣.~~~~....♣♣
#~~...~~~§~..:~♣
#~~~~.~~~~~~~♣♣
#.♣♣.~~~§§.♣♣
##.~~~.vv§♣♣
#.~~~..@♣♣
##~~§~~.♣♣♣
#..~~~...♣♣
#).~~~....♣
~.~~4.†#......?.♣
~~.♣~.)#.♣♣...~.♣
~~~~~#~~.♣.~.♣♣
#♣~~~.#~~.~~~...♣
##♣~.#~~.!~.§~♣♣


You could see a will-o-the-wisp.

Vanquished Creatures
  Kirke (Swamp:2)
  A fenstrider witch (Swamp:1)
  2 deep elf elementalists (Orc:1)
  3 ghouls
  A reaper (IceCv)
  2 stone giants
  Nessos (D:15)
  4 bunyips
  2 eleionomae (Swamp:2)
  2 ettins
  2 fire dragons
  Josephine (D:10)
  12 hydras
  3 ghost crabs (Swamp:2)
  A catoblepas (Lair:5)
  5 centaur warriors
  5 boulder beetles
  Erica (D:8)
  7 alligators
  6 two-headed ogres
  9 death yaks (Lair:5)
  5 tengu warriors
  3 spriggan berserkers (Swamp:2)
  Sonja (D:10)
  A deep elf knight (D:13)
  A soul eater (Swamp:4)
  5 spriggan druids
  A death drake (Swamp:1)
  3 goliath frogs
  3 swamp dragons
  7 bog bodies
  A deep elf archer (D:10)
  7 deep elf zephyrmancers
  A harpy (shapeshifter) (D:15)
  6 deep elf pyromancers
  8 ugly things
  A lindwurm (Lair:5)
  13 orc knights
  4 orc sorcerers
  4 manticores
  A will-o-the-wisp (Swamp:1)
  2 ice statues (IceCv)
  8 elephants (Lair:3)
  5 cyclopes
  6 black mambas
  4 moths of wrath (Orc:1)
  12 cane toads
  Joseph (D:7)
  A gargoyle (D:12)
  2 molten gargoyles (Lair:5)
  3 unseen horrors
  Maggie (D:6)
  9 komodo dragons
  4 kobold demonologists
  2 freezing wraiths (IceCv)
  4 yaktaurs (D:13)
  3 anaconda simulacra (IceCv)
  5 rime drakes
  A tengu conjurer (D:11)
  2 efreet (D:14)
  A silent spectre (Orc:1)
  A hellwing (Swamp:4)
  3 ice devils (IceCv)
  3 polar bears
  13 hornets
  9 trolls
  Prince Ribbit (D:7)
  10 dream sheep (Lair:5)
  3 tyrant leeches
  6 slime creatures
  2 centaur simulacra
  5 culicivoras (Lair:2)
  7 spriggans
  A vampire (D:10)
  5 wraiths (D:10)
  6 wyverns
  2 dire elephant simulacra (IceCv)
  2 fire elementals (Lair:2)
  2 fire bats (Lair:2)
  87 yaks
  A death yak simulacrum (IceCv)
  5 basilisks
  2 chaos spawn (Swamp:4)
  Grum (D:9)
  4 steam dragons
  12 vampire mosquitoes
  Menkaure (D:5)
  8 swamp worms
  9 wargs
  An acid dragon (D:12)
  2 harpy simulacra (IceCv)
  8 water moccasins
  3 hell hounds (Lair:5)
  Duvessa (D:5)
  3 hydra simulacra (IceCv)
  55 orc warriors
  A swamp drake (Swamp:1)
  A sky beast (D:7)
  13 ogres
  A black bear (D:7)
  4 boggarts (D:14)
  11 wolves
  17 centaurs
  Blork the orc (D:6)
  A kobold brigand (D:10)
  10 bullfrogs
  3 necrophages
  A cane toad simulacrum (IceCv)
  4 scorpions
  A two-headed ogre simulacrum (IceCv)
  Dowan (D:5)
  10 wights
  12 killer bees
  An electric eel (D:11)
  4 howler monkeys
  6 lava snakes
  6 hounds
  17 orc priests
  A jelly (D:7)
  9 iguanas
  24 orc wizards
  Natasha (thrice) (D:2)
  A spriggan simulacrum (IceCv)
  A gnoll (D:5)
  10 adders
  2 shadow imps
  A white imp (D:6)
  2 worms
  A dart slug (D:3)
  115 orcs
  8 ball pythons
  6 endoplasms
  15 giant cockroaches
  8 goblins
  7 hobgoblins
  4 jackals
  4 quokkas
  10 bats
  4 frilled lizards
  10 kobolds
  4 rats
883 creatures vanquished.

Vanquished Creatures (others)
  4 humans (Swamp:2)
  A swamp worm (Swamp:2)
  11 foxfires
  13 fungi
  18 plants
  39 withered plants (Swamp:2)
86 creatures vanquished.

Grand Total: 969 creatures vanquished

Notes
Turn   | Place    | Note
-------+----------+-------------------------------------------
     0 | D:5      | freelancePsychic the Minotaur Delver began the quest for
                  | the Orb.
     0 | D:5      | Reached XP level 1. HP: 19/19 MP: 0/0
    85 | D:4      | Reached skill level 1 in Axes
   102 | D:3      | Reached XP level 2. HP: 26/27 MP: 1/1
   124 | D:3      | Reached skill level 2 in Axes
   688 | D:2      | Reached XP level 3. HP: 33/33 MP: 2/2
   987 | D:1      | Reached skill level 3 in Axes
  1482 | D:2      | Noticed Natasha
  1488 | D:2      | Killed Natasha
  1489 | D:2      | Reached XP level 4. HP: 25/41 MP: 3/3
  1578 | D:2      | Noticed Natasha
  1596 | D:2      | Killed Natasha
  1597 | D:2      | Reached skill level 4 in Axes
  1638 | D:2      | Noticed Natasha
  1648 | D:2      | Killed Natasha
  1649 | D:2      | Reached XP level 5. HP: 47/47 MP: 4/4
  2017 | D:2      | Reached skill level 5 in Fighting
  2188 | D:3      | Reached skill level 5 in Axes
  2208 | D:3      | Found Ynuor's Jewellery Shoppe.
  2948 | D:4      | Reached XP level 6. HP: 55/56 MP: 5/5
  3099 | D:4      | Found a transporter.
  3102 | D:4      | Noticed sirJeffrey23's ghost (amateur BaGl)
  3104 | D:4      | Identified the +0 dire flail of Fear {venom, rF+ rC+ SInv}
  3318 | D:4      | Reached skill level 6 in Axes
  3733 | D:5      | Bought a runed broad axe for 182 gold pieces
  3900 | D:5      | Noticed Menkaure
  3902 | D:5      | Gained mutation: You are clumsy. (Dex -2) [potion of
                  | mutation]
  3902 | D:5      | Gained mutation: Armour fits poorly on your strangely
                  | shaped body. [potion of mutation]
  3903 | D:5      | Lost mutation: You are clumsy. (Dex -2) [potion of
                  | mutation]
  3903 | D:5      | Lost mutation: Armour fits poorly on your strangely shaped
                  | body. [potion of mutation]
  3903 | D:5      | Gained mutation: You possess an exceptional clarity of
                  | mind. [potion of mutation]
  3903 | D:5      | Gained mutation: You have hidden genetic potential. [potion
                  | of mutation]
  3905 | D:5      | Killed Menkaure
  3906 | D:5      | Reached skill level 7 in Axes
  3910 | D:5      | Reached XP level 7. HP: 37/63 MP: 6/6
  4091 | D:5      | Reached skill level 8 in Axes
  4102 | D:5      | Gained mutation: Your flesh is cold resistant. (rC+)
                  | [hidden potential]
  4154 | D:5      | Noticed Duvessa
  4154 | D:5      | Noticed Dowan
  4161 | D:5      | Killed Duvessa
  4166 | D:5      | Killed Dowan
  4291 | D:5      | Reached skill level 9 in Axes
  4291 | D:5      | Reached XP level 8. HP: 72/73 MP: 7/7
  4293 | D:5      | Found a glowing golden altar of the Shining One.
  4434 | D:5      | Gained mutation: Your muscles are strong. (Str +4, Int/Dex
                  | -1) [hidden potential]
  4434 | D:5      | Lost mutation: You have hidden genetic potential. [hidden
                  | potential expressed]
  4613 | D:5      | Reached skill level 10 in Axes
  4728 | D:5      | Found a shimmering blue altar of Sif Muna.
  4943 | D:6      | Noticed Blork the orc
  4952 | D:6      | Killed Blork the orc
  5002 | D:6      | Found a staircase to the Ecumenical Temple.
  5033 | Temple   | Entered the Ecumenical Temple
  5173 | Temple   | Became a worshipper of Uskayaw the Reveller
  5360 | D:6      | Reached * piety under Uskayaw
  5404 | D:6      | Reached ** piety under Uskayaw
  5483 | D:6      | Reached skill level 1 in Invocations
  5523 | D:6      | Reached skill level 11 in Axes
  5824 | D:7      | Noticed Maggie
  5828 | D:7      | Reached *** piety under Uskayaw
  6013 | D:7      | Found Ysaucaat's Jewellery Shoppe.
  6026 | D:7      | Noticed Joseph
  6033 | D:7      | Killed Joseph
  6034 | D:7      | Reached XP level 9. HP: 43/83 MP: 9/9
  6167 | D:7      | Found a large runed translucent door.
  6167 | D:7      | Found a large runed translucent door.
  6171 | D:7      | Found a large runed translucent door.
  6171 | D:7      | Found a large runed translucent door.
  6173 | D:7      | Noticed a deep elf pyromancer
  6481 | D:7      | Noticed an unseen horror
  6687 | D:7      | Reached **** piety under Uskayaw
  6689 | D:7      | Reached ***** piety under Uskayaw
  6690 | D:7      | Reached skill level 12 in Axes
  7012 | D:7      | Noticed Prince Ribbit
  7033 | D:7      | Killed Prince Ribbit
  7034 | D:7      | Reached skill level 1 in Armour
  7076 | D:7      | Noticed a boulder beetle
  7118 | D:8      | Noticed Erica
  7172 | D:8      | Found a stormy altar of Qazlal.
  7242 | D:8      | Killed Erica
  7243 | D:8      | Reached skill level 10 in Fighting
  7243 | D:8      | Reached skill level 13 in Axes
  7245 | D:8      | Found a hazy altar of Hepliaklqana.
  7336 | D:8      | Found a flagged portal.
  7346 | Bailey   | Entered a bailey
  7378 | Bailey   | Reached XP level 10. HP: 72/93 MP: 11/11
  7534 | Bailey   | Noticed a two-headed ogre
  7544 | Bailey   | Killed a two-headed ogre
  7963 | D:8      | Reached skill level 5 in Armour
  7976 | D:8      | Found a bloodstained altar of Trog.
  7982 | D:8      | Reached skill level 14 in Axes
  8020 | D:8      | Got the Handbook of Heat
  8432 | D:9      | Found an ornate altar of the Wu Jian Council.
  8853 | D:9      | Noticed Grum
  8859 | D:9      | Killed Grum
  9599 | D:7      | Got the Parchment of Wanderlust and Shaping
  9625 | D:7      | Killed a boulder beetle
  9713 | D:7      | Noticed a cyclops
  9719 | D:7      | Killed a cyclops
  9720 | D:7      | Reached skill level 15 in Axes
  9720 | D:7      | Reached XP level 11. HP: 77/102 MP: 13/13
  9793 | D:7      | Identified the ring of Megalomania {rElec Int+3 Dex+6
                  | Slay+3}
  9945 | D:7      | Killed a deep elf pyromancer
  9990 | D:6      | Killed Maggie
  9992 | D:6      | Identified 3 scrolls of acquirement
  9993 | D:6      | Acquired 352 gold pieces
  9995 | D:6      | Acquired a +0 pair of boots of flying
 10002 | D:6      | Acquired a +4 executioner's axe of electrocution
 10109 | D:10     | Entered Level 10 of the Dungeon
 10109 | D:10     | Noticed Josephine
 10173 | D:10     | Killed Josephine
 10180 | D:10     | Reached skill level 16 in Axes
 10275 | D:10     | Noticed a stone giant
 10275 | D:10     | Noticed a deep elf archer
 10275 | D:10     | Noticed a deep elf pyromancer
 10278 | D:10     | Killed a deep elf archer
 10280 | D:10     | Killed a deep elf pyromancer
 10281 | D:10     | Reached skill level 5 in Dodging
 10282 | D:10     | Killed a stone giant
 10600 | D:10     | Noticed Sonja
 10603 | D:10     | Killed Sonja
 10737 | D:10     | Noticed a two-headed ogre
 10745 | D:10     | Killed a two-headed ogre
 10746 | D:10     | Reached skill level 17 in Axes
 11075 | D:10     | Found a staircase to the Lair.
 11102 | D:10     | Found a radiant altar of Vehumet.
 11111 | D:10     | Found a broken altar of Ashenzari.
 11354 | D:10     | Noticed a boulder beetle
 11361 | D:10     | Killed a boulder beetle
 11362 | D:10     | Reached XP level 12. HP: 97/110 MP: 14/14
 11419 | D:10     | Paralysed by a hornet for 1 turns
 11642 | Lair:1   | Entered Level 1 of the Lair of Beasts
 11698 | Lair:1   | Reached skill level 18 in Axes
 12070 | Lair:1   | Identified the ring "Jiorphi" {rN+ Int+2}
 12637 | Lair:2   | Reached skill level 5 in Invocations
 12655 | Lair:2   | Found a frozen archway.
 12664 | IceCv    | Entered an ice cave
 13548 | IceCv    | Noticed a reaper
 13555 | IceCv    | Killed a reaper
 13785 | Lair:2   | Noticed a six-headed hydra
 13790 | Lair:2   | Killed a six-headed hydra
 13801 | Lair:2   | Reached ****** piety under Uskayaw
 13802 | Lair:2   | Reached XP level 13. HP: 89/119 MP: 17/17
 13958 | Lair:2   | Found a hole to the Spider Nest.
 15509 | Lair:3   | Found a staircase to the Swamp.
 16545 | Lair:4   | Identified the +3 hand axe "Xowary" {venom, rElec Will-
                  | Int+2 Dex+5}
 16883 | Lair:5   | Entered Level 5 of the Lair of Beasts
 16919 | Lair:5   | Paralysed by a hornet for 1 turns
 16921 | Lair:5   | Reached XP level 14. HP: 43/133 MP: 16/20
 17180 | Lair:5   | Reached skill level 15 in Fighting
 17180 | Lair:5   | Reached skill level 10 in Armour
 17187 | Lair:5   | Reached skill level 10 in Invocations
 17861 | Lair:5   | Found a staircase to the Slime Pits.
 17865 | Lair:5   | Found a viscous altar of Jiyva.
 18250 | Lair:5   | Found a large runed translucent door.
 18253 | Lair:5   | Found a large runed translucent door.
 19373 | D:11     | Found a staircase to the Orcish Mines.
 20681 | D:12     | Reached XP level 15. HP: 129/141 MP: 23/23
 21512 | D:13     | Found a gate to the Vaults.
 21914 | D:14     | Found an iron altar of Okawaru.
 22029 | D:14     | Found a blossoming altar of Fedhas.
 22240 | D:15     | Entered Level 15 of the Dungeon
 22604 | D:15     | Noticed Nessos
 22607 | D:15     | Killed Nessos
 22660 | D:15     | Found an ornate altar of the Wu Jian Council.
 23078 | D:15     | Found a staircase to the Depths.
 23081 | D:15     | Reached skill level 15 in Invocations
 23319 | Orc:1    | Entered Level 1 of the Orcish Mines
 23327 | Orc:1    | Reached skill level 1 in Shields
 23851 | Orc:1    | Found a transporter.
 23911 | Orc:1    | Found Tirer's Magic Scroll Emporium.
 23920 | Orc:1    | Bought a scroll of blinking for 90 gold pieces
 23920 | Orc:1    | Bought a scroll of immolation for 48 gold pieces
 24170 | Orc:1    | Found a transporter.
 24170 | Orc:1    | Found a runed translucent door.
 24170 | Orc:1    | Found a bloodstained altar of Trog.
 24170 | Orc:1    | Found the +8 Wrath of Trog {antimagic, *Rage Rampage}
 24197 | Orc:1    | Reached skill level 10 in Dodging
 24468 | Orc:1    | Identified the +1 eveningstar of Inuah {speed, Str+4}
 24500 | Orc:1    | Identified the +0 plate armour "Ilapseos" {Dex+5}
 24539 | Orc:1    | Reached skill level 5 in Shields
 24545 | Orc:1    | Reached XP level 16. HP: 120/149 MP: 26/26
 24657 | Orc:2    | Entered Level 2 of the Orcish Mines
 25197 | Orc:2    | Found Biucuss's Jewellery Boutique.
 25231 | Orc:2    | Found Wuodann's Magic Scroll Emporium.
 25242 | Orc:2    | Bought a scroll of fear for 60 gold pieces
 25242 | Orc:2    | Bought a scroll of teleportation for 45 gold pieces
 25576 | Orc:2    | Found a staircase to the Elven Halls.
 25635 | Orc:2    | Found Pida Sesm's Antique Armour Boutique.
 25648 | Orc:2    | Found Qiqutap's Armour Emporium.
 25685 | Orc:2    | Bought a +1 cloak for 161 gold pieces
 25704 | Orc:2    | Bought a pair of glowing gloves for 300 gold pieces
 26045 | Swamp:1  | Entered Level 1 of the Swamp
 26112 | Swamp:1  | Paralysed by a fenstrider witch for 5 turns
 26134 | Swamp:1  | Paralysed by a fenstrider witch for 5 turns
 27204 | Swamp:1  | Identified the ring of Zaleu {rCorr AC+4}
 27332 | Swamp:2  | Reached skill level 10 in Shields
 27449 | Swamp:2  | Noticed Kirke
 27619 | Swamp:2  | Killed Kirke
 27705 | Swamp:2  | Reached skill level 15 in Dodging
 28427 | Swamp:3  | Got Lesunies's Lessons on Mustering
 28767 | Swamp:3  | Found the +2 Maxwell's thermic engine {flame, freeze}
 28798 | Swamp:4  | Entered Level 4 of the Swamp
 28798 | Swamp:4  | Found a runed translucent door.
 28897 | Swamp:4  | Killed from afar by a will-o-the-wisp

Illustrated notes

Levels and vault maps discovered:
D:1:      sevenhm_arrival_forest_fort_small_5, layout_basic,
          amcnicky_mini_rare_corridor_liquid
D:2:      layout_loops_ring, uniq_natasha
D:3:      minmay_roachtagon, layout_basic, serial_shops, shop,
          minmay_strange_pillars, kennysheep_donut
D:4:      layout_loops_corners, serial_rivers, chequers_serial_rivers_micro_c,
          chequers_serial_rivers_micro_e, chequers_serial_rivers_micro_d,
          chequers_serial_rivers_room_a, chequers_serial_rivers_small_3,
          gammafunk_ghost_smash
D:5:      minmay_recursive_quarters, layout_basic,
          nicolae_sif_muna_little_library, serial_shops,
          nicolae_shop_hallway_stairs, minmay_ruined_shrine, uniq_duvessa,
          uniq_menkaure
D:6:      layout_loops_corners, minmay_temple_entry_slanted, uniq_blork_the_orc
D:7:      layout_loops_ring, serial_shops, nicolae_shop_hallway_stairs,
          palyth_stone_intersect, minmay_hollow_rounded_squares, uniq_maggie,
          uniq_prince_ribbit1, uniq_joseph
D:8:      layout_basic, nicolae_overflow_hidden_temple,
          nicolae_overflow_crystal_walls, amcnicky_altar_gilded,
          mainiacjoe_overflow_surrounded_room, enter_bailey_4,
          nicolae_wand_duel, uniq_erica
D:9:      layout_grid_maze, mainiacjoe_overflow_boulevard, uniq_grum
D:10:     wad_crossroads, layout_loops_ring, mainiacjoe_overflow_swirl,
          lair_entry_dummy, minivault_25_ag, minmay_misc_feat_nine_boxes,
          uniq_josephine, uniq_sonja
D:11:     layout_basic, david_orc_5
D:12:     layout_rooms, special_room [special_room_orc]
D:13:     layout_cave_pools, hangedman_vaults_entry_quadrant_bands
D:14:     layout_rooms, serial_corexii_hall, chequers_hall_statues_wall_a,
          chequers_hall_statues_wall_a, corexii_hall_statues_deadend,
          corexii_hall_statues_u, fedhas_altar_3, okawaru_metal_pillars_1_2
D:15:     grunt_enter_depths_snipers, layout_rooms, serial_park_square2,
          minmay_splitting_lines, nicolae_wu_jian_immortal_techniques,
          uniq_nessos
Temple:   nicolae_temple_superstar
Lair:1:   layout_cave_pods
Lair:2:   layout_gridlike, hellmonk_spider_entry_life_and_decay,
          portal_ice_cave_entry_pillars_2
Lair:3:   layout_concentric_octagons, skrybe_swamp_entry_bodies,
          grunt_megastairs_5
Lair:4:   layout_loops_ring, serial_rivers, chequers_serial_rivers_micro_c,
          chequers_serial_rivers_micro_e, chequers_serial_rivers_small_b,
          chequers_serial_rivers_small_3, chequers_serial_rivers_micro_d
Lair:5:   cheibrodos_lair_end_hotspot, layout_regular_city, slime_entry_1,
          dreamdust_wasp_nest
Swamp:1:  layout_basic_swamp, serial_swamp_ruin, hangedman_swamp_ruin_hall,
          evilmike_swamp_ruin_rubble_1
Swamp:2:  layout_basic_swamp, nicolae_swamp_small_spring, st_shrine_of_shade,
          uniq_kirke
Swamp:3:  layout_basic_swamp, evilmike_swamp_ruin_house_2
Swamp:4:  nzn_swamp_witches_coven, layout_basic_swamp, ebering_ghost_xom,
          swamp_pool1
Orc:1:    emtedronai_trogs_sanctum, layout_caves, serial_shops,
          nicolae_lakefront_shop
Orc:2:    st_orc_town, layout_caves, nicolae_orc_crystal_geode

Skill      XL: |  1  2  3  4  5  6  7  8  9 10 11 12 13 14 15 16 |
---------------+-------------------------------------------------+-----
Axes           | 1 2 3 4 5 7 9 11 13 15 17 18 | 18.4
Fighting       | 4 5 6 7 9 10 11 12 14 15 | 15.0
Invocations    | 2 3 4 6 9 12 15 | 15.0
Armour         | 3 5 9 13 14 | 14.1
Dodging        | 6 9 10 16 | 16.5
Shields        | 5 14 | 14.2
Polearms       | |  2.4
Stealth        | |  4.1

Action                   |  1- 3 |  4- 6 |  7- 9 | 10-12 | 13-15 | 16-18 || total
-------------------------+-------+-------+-------+-------+-------+-------++-------
Melee: Spear             |   110 |    51 |       |       |       |       ||   161
       Headbutt          |    16 |    14 |    17 |    47 |   139 |    79 ||   312
       Trident           |       |    54 |       |       |       |       ||    54
       Punch             |       |     1 |       |       |       |       ||     1
       Broad axe         |       |    12 |   107 |   212 |   532 |   274 ||  1137
Invok: Stomp             |       |       |       |       |     2 |       ||     2
       Line Pass         |       |       |       |       |     1 |       ||     1
       Grand Finale      |       |       |       |       |     3 |     1 ||     4
Evoke: Wand              |       |       |     5 |     8 |     4 |       ||    17
       Lightning rod     |       |       |       |     4 |    10 |       ||    14
       Condenser vane    |       |       |       |       |     1 |       ||     1
  Use: Scroll            |     3 |     5 |     7 |    16 |     5 |     9 ||    45
       Potion            |     1 |     2 |     1 |     1 |     2 |     2 ||     9
 Stab: Sleeping          |     9 |     2 |       |       |       |     5 ||    16
       Paralysed         |       |       |     5 |    31 |    89 |    35 ||   160
       Confused          |       |       |       |       |     1 |     1 ||     2
       Distracted        |       |       |       |       |       |     1 ||     1
Armor: Leather armour    |    13 |       |       |       |       |       ||    13
       Ring mail         |    15 |    24 |    51 |     1 |       |       ||    91
       Fire dragon scale |       |       |       |    75 |   255 |    37 ||   367
       Swamp dragon scal |       |       |       |       |       |    41 ||    41
Dodge: Dodged            |    55 |    54 |    76 |   119 |   410 |   171 ||   885
Block: Kite shield       |       |       |       |       |       |   137 ||   137

Table legend: (Time is in decaauts)
 A = Elapsed time spent in this place.
 B = Non-inter-level travel time spent in this place.
 C = Inter-level travel time spent in this place.
 D = Time resting spent in this place.
 E = Time spent auto-exploring this place.
 F = Levels seen in this place.
 G = Mean time per level.
                   A        B        C        D        E       F      G
               +--------+--------+--------+--------+--------+-----+--------+
         Total |  29060 |  27166 |   1894 |   1502 |  21497 |  29 | 1002.1 |
       Dungeon |  15694 |  14471 |   1223 |    296 |  12040 |  15 | 1046.3 |
        Temple |    156 |    146 |     10 |      0 |    100 |   1 |  156.0 |
          Lair |   6998 |   6496 |    502 |    615 |   5134 |   5 | 1399.6 |
         Swamp |   2247 |   2192 |     55 |    148 |   1509 |   4 |  561.8 |
  Orcish Mines |   2604 |   2501 |    103 |    251 |   1837 |   2 | 1302.0 |
        Bailey |    401 |    401 |      0 |    102 |    195 |   1 |  401.0 |
      Ice Cave |    957 |    957 |      0 |     90 |    680 |   1 |  957.0 |
               +--------+--------+--------+--------+--------+-----+--------+

Top non-repeatable levels by time:
  Lair:5: 1775 daAuts
     D:9: 1642 daAuts
     D:7: 1592 daAuts
    D:10: 1579 daAuts
  Lair:3: 1489 daAuts
  Lair:2: 1430 daAuts
   Orc:1: 1348 daAuts
  Lair:4: 1293 daAuts
     D:4: 1290 daAuts
   Orc:2: 1256 daAuts
     D:5: 1093 daAuts
     D:6: 1085 daAuts
  Lair:1: 1010 daAuts
    D:15: 1003 daAuts
   IceCv: 957 daAuts
